 Dungeon Crawl Stone Soup version 0.29.1-1-gd02db6906a (webtiles) character file.

Game seed: 7727656395425567851

37 croobank the Caller (level 3, -1/14 HPs)
             Began as a Felid Summoner on Oct 3, 2022.
             Slain by an orc priest
             ... wielding a +0 falchion
              (7 damage)
             ... on level 3 of the Dungeon.
             The game lasted 00:04:51 (2248 turns).

croobank the Caller (Felid Summoner)                Turns: 2248, Time: 00:04:52

Health: -1/14      AC:  1    Str:  4    XL:     3   Next: 23%
Magic:  1/7        EV: 18    Int: 18    God:
Gold:   48         SH:  0    Dex: 16    Spells: 0/6 levels left
                                        Lives:  0   Deaths: 0

rFire   . . .      SeeInvis +   (weapon unavailable)
rCold   . . .      Faith    .   (shield unavailable)
rNeg    . . .      Spirit   .   (body armour unavailable)
rPois   .          Reflect  .   (helmet unavailable)
rElec   .          Harm     .   (cloak unavailable)
rCorr   .          Rampage  .   (gloves unavailable)
Will    .....                   (boots unavailable)
Stlth   ++........              (no amulet)
HPRegen 0.04/turn               (no ring)
MPRegen 0.10/turn               (no ring)

@: attractive, hasted, very quick
A: very small, claws 1, fangs 3, see invisible, speed 1, shaggy fur 1, stealthy
paws, no weapons or thrown items, no armour, multi-lived
a: no special abilities


You were on level 3 of the Dungeon.
You visited 1 branch of the dungeon, and saw 3 of its levels.

You collected 48 gold pieces.

Inventory:

Scrolls
 b - a scroll of teleportation {unknown}
 c - 3 scrolls of identify {unknown}
 d - a scroll of blinking {unknown}
 g - a scroll of immolation {unknown}
 j - 2 scrolls of enchant armour {unknown}
Potions
 a - a potion of magic
 h - a potion of haste
 i - a potion of curing {unknown}


   Skills:
 + Level 3.4 Dodging
 + Level 3.4 Stealth
 + Level 2.4 Spellcasting
 + Level 4.3 Summonings


You couldn't memorise any spells.
You knew the following spells:

 Your Spells              Type           Power      Damage    Failure   Level
a - Summon Small Mammal   Summ           68%        N/A       3%          1
b - Call Imp              Summ           17%        N/A       4%          2
c - Call Canine Familiar  Summ           17%        N/A       9%          3

Your spell library contained the following spells:

 Spells                   Type           Power      Damage    Failure   Level
 Summon Guardian Golem    Hex/Summ       9%         N/A       22%         3
 Sublimation of Blood     Necr           2%         N/A       26%         2
 Summon Lightning Spire   Summ/Air       9%         N/A       56%         4
 Petrify                  Tmut/Erth      2%         N/A       86%         4
 Irradiate                Conj/Tmut      1%         3d12      99%         5


Dungeon Overview and Level Annotations

Branches:
Dungeon (3/15)

Altars:
Nemelex Xobeh
Vehumet


Innate Abilities, Weirdness & Mutations

You have sharp claws.
You have razor-sharp teeth.
You have supernaturally acute eyesight. (SInv)
You cover ground quickly. (Speed+)
You are covered in fur. (AC +1)
Your paws help you pounce on unaware monsters.
You are incapable of wielding weapons or throwing items.
You cannot wear armour.
You gain extra lives every three experience levels.


Message History

Your hound barely misses the orc priest.
The orc priest begins to cast a cantrip, but forgets the words!
Casting: Summon Small Mammal (safe; 3% risk of failure)
Confirm with . or Enter, or press ? or * to list all spells.
You don't have enough magic to cast this spell.
Casting: Summon Small Mammal (safe; 3% risk of failure)
Confirm with . or Enter, or press ? or * to list all spells.
You don't know that spell.
Your hound bites the orc priest.
Your bat barely misses the orc priest.
The orc priest misses your hound.
Your hound barely misses the orc priest.
Your bat hits the orc priest but does no damage.
Your hound barely misses the orc priest.
The orc priest hits your hound with a +0 falchion.
Your hound dies!
Your hound's corpse disappears in a puff of smoke!
The orc priest is attracted toward you. The orc is attracted toward you.
You closely miss the orc priest.
The orc priest is lightly wounded.
Your bat misses the orc priest.
You scratch the orc priest but do no damage.
Your bite misses the orc priest.
The orc priest is lightly wounded.
The orc priest hits you with a +0 falchion.
The orc is attracted toward you.
You barely miss the orc priest.
The orc priest is lightly wounded.
Your bat hits the orc priest but does no damage.
The orc priest misses you.
You barely miss the orc priest.
The orc priest is lightly wounded.
Your bat barely misses the orc.
You scratch the orc priest.
You bite the orc priest, but do no damage.
The orc priest is moderately wounded.
Your bat hits the orc but does no damage.
The orc hits you with a +0 dagger.
The orc priest hits you with a +0 falchion!
Ouch! That really hurt!
You die...

################### ###
.....................).
... ......o§§...# ...
#.. #.§##.##.##.# ###
#.# #...........#
...#.# ##.oh.....#
#.#<#### #....#......
#......##########o#
.####
#......##.....@o#.# ..
#............booo§# ##
##.....##.......###
###.....###.######
#........##..###
#.#............#
#.....##.##.†.#.#
#...#. #.#..#...# ...##
....##...#


You could see 2 orc priests, 2 orcs and a friendly bat (summoned).

Vanquished Creatures
  A bat (D:1)
  A giant cockroach (D:1)
  A hobgoblin (D:2)
3 creatures vanquished.

Vanquished Creatures (collateral kills)
  A worm (D:2)
  An orc (D:3)
  6 bats
  3 endoplasms
  2 giant cockroaches
  2 goblins (D:2)
  3 hobgoblins (D:1)
  2 kobolds (D:1)
  A quokka (D:2)
  3 frilled lizards
  2 rats
26 creatures vanquished.

Vanquished Creatures (others)
  A hobgoblin (D:2)
1 creature vanquished.

Grand Total: 30 creatures vanquished

Notes
Turn   | Place    | Note
-------+----------+-------------------------------------------
     0 | D:1      | croobank the Felid Summoner began the quest for the Orb.
     0 | D:1      | Reached XP level 1. HP: 7/7 MP: 4/4
    50 | D:1      | Found a faded altar of an unknown god.
   380 | D:1      | Reached XP level 2. HP: 11/11 MP: 3/6
   437 | D:1      | Learned a level 2 spell: Call Imp
  1679 | D:2      | Found a radiant altar of Vehumet.
  1709 | D:2      | Reached XP level 3. HP: 14/14 MP: 3/7
  1713 | D:2      | Learned a level 3 spell: Call Canine Familiar
  2119 | D:3      | Found a sparkling altar of Nemelex Xobeh.
  2248 | D:3      | Slain by an orc priest

Illustrated notes

Levels and vault maps discovered:
D:1:      wander_arrival_lonely_grave, layout_loops_ring,
          ebering_ecumenical_altar_webs
D:2:      layout_rooms, serial_rivers, chequers_serial_rivers_micro_a,
          chequers_serial_rivers_large_a, chequers_serial_rivers_micro_e,
          chequers_serial_rivers_micro_a, basic_altar, reono_crystal_passage,
          minmay_pentomino_u2
D:3:      layout_basic, mainiacjoe_overflow_small_starburst

Skill      XL: |  1 |
---------------+----+-----
Stealth        | 3 |  3.4
Dodging        | 3 |  3.4
Spellcasting   | |  2.4
Summonings     | |  4.3

Action                   || total
-------------------------++-------
Melee: Unarmed           ||    32
       Bite              ||     1
 Cast: Summon Small Mamm ||    49
       Call Imp          ||     8
       Call Canine Famil ||     3
  Use: Potion            ||     3
 Stab: Distracted        ||     1
Armor: Skin              ||     5
Dodge: Dodged            ||    50
